 Dungeon Crawl Stone Soup version 0.22-a0-538-g76cc104 (webtiles) character file.

541 inc the Digger (level 7, -1/41 HPs)
             Began as an Octopode Earth Elementalist on June 23, 2018.
             Slain by a centaur (8 damage)
             ... on level 5 of the Dungeon.
             The game lasted 00:09:15 (4870 turns).

inc the Digger (Octopode Earth Elementalist)        Turns: 4870, Time: 00:09:15

Health: -1/41      AC:  1    Str:  8    XL:     7   Next: 26%
Magic:  9/14       EV: 13    Int: 19    God:
Gold:   243        SH:  0    Dex: 12    Spells: 9/15 levels left

rFire    . . .     SeeInvis .   i - +2 dagger (flame)
rCold    . . .     Gourm    .   (no shield)
rNeg     . . .     Faith    .   (helmet restricted)
rPois    .         Spirit   .   (no amulet)
rElec    .         Reflect  .   (no ring)
rCorr    .         Harm     .   (no ring)
MR       .....                  (no ring)
Stlth    +++.......             (no ring)
HPRegen  0.13/turn              (no ring)
MPRegen  0.14/turn              (no ring)
                                (no ring)
                                (no ring)

@: no status effects
A: almost no armour, stealthy swim, amphibious, 8 rings, constrict 8, camouflage
1, gelatinous body 1
a: no special abilities


You were on level 5 of the Dungeon.
You were very hungry.

You visited 1 branch of the dungeon, and saw 5 of its levels.
You also visited: Sewer.

You collected 243 gold pieces.

Inventory:

Hand Weapons
 f - a +0 short sword
 i - a +2 dagger of flaming (weapon)
Missiles
 b - 36 stones (quivered)
Jewellery
 l - a cursed ring of teleportation {unknown}
 s - an uncursed amulet of magic regeneration {unknown}
Wands
 r - a wand of digging (14)
Scrolls
 d - a scroll of identify
 e - 3 scrolls of teleportation
 k - 2 scrolls of fog {unknown}
 m - a scroll of amnesia
 q - a scroll of fear {unknown}
 t - a scroll of blinking
 u - a scroll of remove curse
Potions
 a - 3 potions of agility
 g - 3 potions of degeneration
 h - 3 potions of brilliance
 j - a potion of magic
 n - a potion of heal wounds {unknown}
 o - 2 potions of flight
 p - 2 potions of curing
Comestibles
 c - 7 rations


   Skills:
 - Level 2.0 Dodging
 - Level 2.6 Stealth
 + Level 4.9 Spellcasting
 - Level 1.0 Transmutations
 - Level 6.3 Earth Magic


You had 9 spell levels left.
You knew the following spells:

 Your Spells              Type           Power        Failure   Level  Hunger
a - Sandblast             Erth           ####..       1%          1    None
b - Stone Arrow           Conj/Erth      ###...       11%         3    ##.....
f - Passwall              Tmut/Erth      ###.....     4%          2    #......

Your spell library contained the following spells:

 Spells                   Type           Power        Failure   Level  Hunger
 Lee's Rapid Deconstruct  Erth           ####......   26%         5    ######.
 Petrify                  Tmut/Erth      ###.....     28%         4    ####...


Dungeon Overview and Level Annotations

Branches:
Dungeon (5/15)
 Temple: D:4-7

Altars:
Sif Muna

Annotations:
D:3 2 transporters, jamsan's ghost, amateur MiFi
D:5 Grinder


Innate Abilities, Weirdness & Mutations

You cannot wear most types of armour.
You are very stealthy in the water. (Stealth+)
You are amphibious.
You can wear up to eight rings at the same time.
You can use your tentacles to constrict eight enemies at once.
Your skin changes colour to match your surroundings (Stealth+).
Your rubbery body absorbs attacks. (AC +1, EV +1)


Message History

The centaur hits you.
* * * LOW HITPOINT WARNING * * *
Casting: Sandblast (safe; 1% risk of failure)
Confirm with . or Enter, or press ? or * to list all spells.
Aiming: Sandblast (safe; 1% risk of failure)
Press: ? - help, Shift-Dir - straight line, f/p - centaur
Aim: a centaur (severely wounded)
The blast of sand hits the centaur.
The centaur is almost dead.
b - 37 stones The centaur completely misses you.
Casting: Sandblast (safe; 1% risk of failure)
Confirm with . or Enter, or press ? or * to list all spells.
Aiming: Sandblast (safe; 1% risk of failure)
Press: ? - help, Shift-Dir - straight line, f/p - centaur
Aim: a centaur (almost dead)
The blast of sand misses the centaur.
b - 36 stones The centaur hits you!
You die...

#.### ##..#
#.####### #''##
#.......# #...#
#..###### #.[.#
#..# ###(# #..#
#(# #..# #.#
#..##########c#
#...........@.#
##.############
...# #####


You could see a centaur.

Vanquished Creatures
  Menkaure (D:5)
  A phantom (D:5)
  An orc wizard (D:3)
  A bullfrog skeleton (D:5)
  A worker ant (D:4)
  Robin (D:4)
  6 adders
  4 river rats (Sewer)
  3 oozes
  5 worms
  2 leopard geckos
  11 orcs
  5 bats
  A giant cockroach (D:3)
  18 goblins
  9 hobgoblins
  6 jackals
  A quokka (D:2)
  3 ball pythons
  A ball python skeleton (D:4)
  13 frilled lizards
  7 kobolds
  13 rats
114 creatures vanquished.

Notes
Turn   | Place    | Note
-------+----------+-------------------------------------------
     0 | D:1      | inc the Octopode Earth Elementalist began the quest for the Orb.
     0 | D:1      | Reached XP level 1. HP: 11/11 MP: 3/3
   150 | D:1      | Reached XP level 2. HP: 17/17 MP: 1/5
   603 | D:1      | Reached skill level 4 in Earth Magic
   640 | D:1      | Reached XP level 3. HP: 16/21 MP: 0/6
  1367 | D:2      | Reached XP level 4. HP: 27/27 MP: 4/7
  1886 | D:3      | Reached skill level 5 in Earth Magic
  2024 | D:3      | Noticed jamsan's ghost (amateur MiFi)
  2116 | D:3      | Reached XP level 5. HP: 27/31 MP: 4/8
  2578 | D:3      | Found a transporter.
  2581 | D:3      | Found a transporter.
  2870 | D:4      | Reached skill level 6 in Earth Magic
  2922 | D:4      | Found a deep blue altar of Sif Muna.
  3073 | D:4      | Noticed Robin
  3088 | D:4      | HP: 1/31 [Robin/short sword (5)]
  3089 | D:4      | Killed Robin
  3288 | D:4      | Learned a level 2 spell: Passwall
  3292 | D:4      | Learned a level 3 spell: Stone Arrow
  3334 | D:4      | Found a glowing drain.
  3343 | Sewer    | Entered a sewer
  3645 | Sewer    | Reached XP level 6. HP: 36/36 MP: 7/9
  4446 | D:5      | Entered Level 5 of the Dungeon
  4446 | D:5      | Noticed Grinder
  4485 | D:5      | Noticed a phantom
  4503 | D:5      | Killed a phantom
  4704 | D:5      | Noticed Menkaure
  4713 | D:5      | Killed Menkaure
  4713 | D:5      | Reached XP level 7. HP: 23/41 MP: 9/14
  4870 | D:5      | Slain by a centaur

Vault maps used:
D:1:      lightli_molten_gateway, corexii_leaking_fountain, serial_bayou_pond_a
D:2:      serial_forest, infiniplex_forest_clump_double,
          infiniplex_forest_lined_room_3, infiniplex_forest_straight_1,
          infiniplex_forest_zigzag_1, infiniplex_forest_zigzag_1,
          infiniplex_forest_clump_medium, infiniplex_forest_clump_small,
          infiniplex_forest_lined_4_way
D:3:      gammafunk_ghost_arena
D:4:      lemuel_blue_sif_altar, cheibrodos_sewer_entry_drain, uniq_robin
D:5:      gammafunk_temple_overflow_elements, first_ration,
          kennysheep_generic_room_6, uniq_grinder, uniq_menkaure
Sewer:    sewer_co_cracked_pipes

Skill      XL: |  1  2  3  4  5  6 |
---------------+-------------------+-----
Earth Magic    | 4 5 6 |  6.3
Spellcasting   | 4 |  4.9
Dodging        | |  2.0
Stealth        | |  2.6
Transmutations | |  1.0

Action                   |  1- 3 |  4- 6 |  7- 9 || total
-------------------------+-------+-------+-------++-------
Melee: Unarmed           |    17 |       |       ||    17
       Tentacles         |     7 |    19 |       ||    26
       Constrict         |     5 |    28 |       ||    33
       Short sword       |     2 |     2 |       ||     4
       Dagger            |       |    81 |       ||    81
 Cast: Sandblast         |    37 |    85 |     6 ||   128
  Use: Scroll            |       |    11 |       ||    11
 Stab: Sleeping          |     2 |    11 |       ||    13
  Eat: Chunk             |     1 |    11 |       ||    12
Armor: Skin              |     5 |     5 |       ||    10
Dodge: Dodged            |    29 |    67 |     4 ||   100

Table legend:
 A = Spawn XP
 B = Non-spawn XP
 C = Spawn XP percentage of total XP
 D = Spawn monster count
 E = Non-spawn monster count
 F = Spawn count percentage of total count
 G = Total turns spent on level
                    A         B        C        D         E        F      G
               +---------+---------+-------+---------+---------+-------+---------
         Total |       0 |     774 |   0.0 |       0 |     114 |   0.0 |  4870
               +---------+---------+-------+---------+---------+-------+---------
           D:1 |       0 |      44 |   0.0 |       0 |      25 |   0.0 |  1034
           D:2 |       0 |      42 |   0.0 |       0 |       5 |   0.0 |   847
           D:3 |       0 |     135 |   0.0 |       0 |      31 |   0.0 |   985
           D:4 |       0 |     102 |   0.0 |       0 |      20 |   0.0 |  1017
           D:5 |       0 |     380 |   0.0 |       0 |      11 |   0.0 |   395
         Sewer |       0 |      71 |   0.0 |       0 |      22 |   0.0 |   592
               +---------+---------+-------+---------+---------+-------+---------
